 Seeded DCSS version 0.30.1-4-g462c640d31 (webtiles) character file.

Game seed: 15660985446129201502 (custom seed)

25 AccursedSamuel the Chopper (level 3, -1/23 HPs)
             Began as a Tengu Monk on Sept 14, 2023.
             Slain by a quokka (3 damage)
             ... on level 2 of the Dungeon on Sept 18, 2023.
             The game lasted 00:02:01 (229 turns).

AccursedSamuel the Chopper (Tengu Monk)              Turns: 229, Time: 00:02:01

Health: -1/23      AC:  2    Str: 13    XL:     3   Next: 6%
Magic:  4/4        EV: 13    Int: 10    God:
Gold:   33         SH:  0    Dex: 16    Spells: 2/2 levels left

rFire   . . .        e - +2 battleaxe (elec)
rCold   . . .        (shield currently unavailable)
rNeg    . . .        b - +0 robe
rPois   .            (helmet restricted)
rElec   .            (no cloak)
rCorr   .            (no gloves)
SInv    .            (boots unavailable)
Will    .....        (no amulet)
Stlth   +            (no ring)
HPRegen 0.23/turn    (no ring)
MPRegen 0.09/turn

%: no passive effects
@: lethally poisoned (-1 -> -2)
A: beak, talons 3
a: no special abilities


You were on level 2 of the Dungeon.
You visited 1 branch of the dungeon, and saw 2 of its levels.

You collected 33 gold pieces.

Inventory:

Hand Weapons
 a - a +0 hand axe
 e - a +2 battleaxe of electrocution (weapon)
Armour
 b - a +0 robe (worn)
 d - an orb of light
Scrolls
 g - a scroll of noise {unknown}
 h - a scroll of enchant armour {unknown}
Potions
 c - a potion of ambrosia
 f - a potion of degeneration {unknown}


   Skills:
 + Level 3.4 Fighting
 + Level 3.7 Axes
 + Level 3.7 Dodging


You had 2 spell levels left.
You didn't know any spells.
Your spell library contained the following spells:

 Spells                   Type           Power      Damage    Failure   Level
 Cigotuvi's Dreadful Rot  Necr/Pois/Air  0%         N/A       50%         2
 Dispel Undead            Necr           0%         3d6       98%         4
 Death Channel            Necr           0%         N/A       100%        6


Dungeon Overview and Level Annotations

Branches:
Dungeon (2/15)

Altars:


Innate Abilities, Weirdness & Mutations

You have a beak for a mouth.
You have claws for feet.


Message History

An endoplasm comes into view.
The endoplasm quivers.
A frilled lizard, a quokka and an adder come into view.
Found 6 gold pieces and a scroll labelled PUWKIGHIN CIXT.
The adder hisses angrily.
The frilled lizard hisses angrily.
The quokka twitches its whiskers.
You slash the adder! Your kick misses the adder.
The adder is almost dead.
You hit the endoplasm.
Lightning courses through the endoplasm!!
You kill the endoplasm!
The adder bites you.
You are poisoned.
The adder poisons you! The adder bites you.
You are lethally poisoned!
The adder poisons you!
A quokka comes into view.
You slash the adder!
You kill the adder!
You feel very sick.
You have reached level 3!
Your experience leads to an increase in your attributes!
Increase (S)trength, (I)ntelligence, or (D)exterity?
You feel stronger. x2
* * * LOW HITPOINT WARNING * * *
You feel sick. The quokka barely misses you.
You slash the frilled lizard!
Lightning courses through the frilled lizard!!
You kill the frilled lizard!
You hit the quokka but do no damage.
* * * LOW HITPOINT WARNING * * *
You feel sick.
The quokka bites you but does no damage.
The quokka attacks as you move away! The quokka misses you.
* * * LOW HITPOINT WARNING * * *
You feel sick. The quokka barely misses you. x2
* * * LOW HITPOINT WARNING * * *
You feel sick. The quokka bites you.
You die...

# .........~. #
.........?~~# #.# ...
...........~~ #.# #.#
#.##$........ #.# #.#
#.##......... #.# #.#
#.##.........
#.#######.###.##.†.......
..............##rr.......
................@.†...###
............)##########
######..#.##[#
....>..##.# #.########.#
# ###


You could see 2 quokkas.

Vanquished Creatures
  An adder (D:2)
  2 endoplasms (D:2)
  A giant cockroach (D:2)
  A goblin (D:2)
  A hobgoblin (D:1)
  2 kobolds
  2 quokkas
  A bat (D:1)
  A frilled lizard (D:2)
  3 rats (D:1)
15 creatures vanquished.

Notes
Turn   | Place    | Note
-------+----------+-------------------------------------------
     0 | D:1      | AccursedSamuel the Tengu Monk began the quest for the Orb.
     0 | D:1      | Reached XP level 1. HP: 14/14 MP: 2/2
    86 | D:1      | Reached XP level 2. HP: 19/19 MP: 3/3
    92 | D:1      | Identified a scroll of acquirement
    92 | D:1      | Acquired a +2 battleaxe of electrocution
   226 | D:2      | Reached XP level 3. HP: 7/23 MP: 4/4
   229 | D:2      | Slain by a quokka

Illustrated notes

Levels and vault maps discovered:
D:1:      minmay_arrival_pointy, layout_loops_ring, minmay_gold_behind_fungi
D:2:      layout_basic, dreamdust_ecumenical_altar_drowned_temple,
          hangedman_decor_clover_reticule, fountainhead,
          uniq_crazy_yiuf_cottage, uniq_jessica

Action                     || total
---------------------------++-------
  Melee: Hand axe          ||     8
         Kick              ||     3
         Peck              ||     1
         Battleaxe         ||    10
    Use: Scroll            ||     1
   Stab: Sleeping          ||     1
 Armour: Robe              ||     8
  Dodge: Dodged            ||    30
